 Dungeon Crawl Stone Soup version 0.19.0-11-g3fc08b3 (webtiles) character file.

127362 Dioneo the Fencer (level 17, -4/139 HPs)
             Began as a Human Gladiator on Nov 8, 2016.
             Was the Champion of Makhleb.
             Slain by an orc warrior
             ... wielding a +0 war axe
              (28 damage)
             ... on level 1 of the Orcish Mines.
             The game lasted 02:13:53 (38939 turns).

Dioneo the Fencer (Human Gladiator)                Turns: 38939, Time: 02:13:54

Health: -4/139     AC: 34    Str: 24    XL:     17   Next: 56%
Magic:  26/26      EV: 12    Int: 10    God:    Makhleb [******]
Gold:   1477       SH:  0    Dex: 19    Spells: 0 memorised, 16 levels left

rFire  x . .     SeeInvis +     J - +14 plutonium sword {*Contam Stlth-}
rCold  . . .     Gourm    .     P - +0 crystal plate armour "Siept" {rCorr Str+4}
rNeg   + . .     Faith    .     (shield currently unavailable)
rPois  +         Spirit   .     t - +2 helmet
rElec  .         Reflect  .     I - +2 cloak {MR+}
rCorr  +         Harm     .     (no gloves)
MR     ++...                    O - +2 pair of boots {run}
Stlth  ..........               k - amulet "Wesagiatt" {Regen+ Stlth+}
                                K - ring of positive energy
                                l - ring "Uretait" {+Blink rPois rF- Dex+4 SInv}

@: quick
A: no striking features
a: Minor Destruction, Lesser Servant of Makhleb, Major Destruction, Greater
Servant of Makhleb, Renounce Religion, Evoke Blink


You were on level 1 of the Orcish Mines.
You worshipped Makhleb.
Makhleb was exalted by your worship.
You were hungry.

You visited 5 branches of the dungeon, and saw 27 of its levels.
You also visited: Trove.

You collected 1968 gold pieces.
You spent 491 gold pieces at shops.

Inventory:

Hand Weapons
 J - the +14 plutonium sword (weapon) {*Contam Stlth-}
   (You acquired it on level 14 of the Dungeon)

   It causes magical contamination when unequipped.
   It makes you less stealthy.
Missiles
 d - 4 throwing nets
 C - 15 tomahawks (quivered)
Armour
 t - a +2 helmet (worn)
 I - a +2 cloak of magic resistance (worn)
 N - a +1 cloak of invisibility
 O - a +2 pair of boots of running (worn)
 P - the +0 crystal plate armour "Siept" (worn) {rCorr Str+4}
   (You found it in a treasure trove)

   It affects your strength (+4).
   It protects you from acid and corrosion.
Jewellery
 k - the amulet "Wesagiatt" (around neck) {Regen+ Stlth+}
   (You found it in a treasure trove)

   [amulet of regeneration]

   It increases your rate of regeneration.
   It makes you more stealthy.
 l - the ring "Uretait" (left hand) {+Blink rPois rF- Dex+4 SInv}
   (You found it in a treasure trove)

   [ring of poison resistance]

   It affects your dexterity (+4).
   It makes you vulnerable to fire.
   It protects you from poison.
   It lets you see invisible.
   It lets you blink.
 q - a +3 ring of protection
 v - an uncursed amulet of guardian spirit {unknown}
 K - a ring of positive energy (right hand)
 L - a +3 amulet of reflection
 M - an uncursed amulet of the gourmand {unknown}
 Y - a +5 ring of intelligence
Wands
 b - a wand of teleportation (5/9)
 e - a wand of disintegration (1/24)
 r - a wand of teleportation (6/9)
 u - a wand of lightning (7/15)
 w - a wand of lightning (4/15)
 y - a wand of teleportation (4/9)
 D - a wand of iceblast (11/15)
 S - a wand of lightning (8/15)
 V - a wand of heal wounds (0/9)
Scrolls
 c - 4 scrolls of enchant weapon
 g - 9 scrolls of amnesia
 i - 7 scrolls of enchant armour
 j - 4 scrolls of teleportation
 m - 2 scrolls of fog
 s - 4 scrolls of fear
 z - 9 scrolls of remove curse
 T - 2 scrolls of magic mapping
Potions
 a - 8 potions of curing
 h - a potion of magic
 n - a potion of ambrosia
 o - 3 potions of brilliance {unknown}
 p - a potion of mutation {unknown}
 x - 4 potions of flight
 A - a potion of resistance
 B - 4 potions of berserk rage
 E - 3 potions of cancellation
 Q - 3 potions of agility
 X - a potion of invisibility {unknown}
Miscellaneous
 R - a phial of floods
Comestibles
 f - 14 bread rations
 U - 31 fruits
 W - 5 meat rations


   Skills:
 + Level 14.0 Fighting
 + Level 15.5 Long Blades
 - Level 2.0 Throwing
 + Level 14.4 Armour
 + Level 11.3 Dodging
 - Level 12.5 Invocations


You had 16 spell levels left.
You didn't know any spells.

Dungeon Overview and Level Annotations

Branches:
Dungeon (15/15)            Temple (1/1) D:7            Lair (6/6) D:9
  Swamp (4/4) Lair:2       Spider (0/4) Lair:3        Slime (0/5) Lair:5
    Orc (1/2) D:9          Vaults (0/5) D:14         Depths (0/5) D:15

Altars:
Ashenzari
Fedhas
Hepliaklqana
Makhleb
Nemelex Xobeh
Okawaru
Qazlal
Ru
Sif Muna
Vehumet
Xom

Shops:
D:6 %**=   D:9 :*!   D:11 :   D:12 :

Annotations:
D:8 exclusion: obsidian statue
D:15 exclusion: orange crystal statue


Message History

The orc warrior hits you but does no damage. x2
Your crystal plate armour "Siept" prevents you from hitting the troll.
The troll is lightly wounded.
The orc no longer looks unusually strong.
The troll barely misses you. The troll claws you.
* * * LOW HITPOINT WARNING * * *
The troll claws you but does no damage. The orc warrior closely misses you.
The orc warrior barely misses you.
The orc warrior hits you but does no damage.
You slash the troll!
The troll is heavily wounded.
The orc no longer looks unusually strong.
The troll bites you but does no damage. The troll closely misses you.
The troll claws you but does no damage.
The orc warrior hits you with a short sword!
* * * LOW HITPOINT WARNING * * *
The orc warrior hits you from afar with a halberd.
* * * LOW HITPOINT WARNING * * *
The orc warrior hits you with a war axe!!
You die...

..............#
..#...........#
........#######
........#.....#
.........o.o..#


#.oooo# #.oooo# #.oooo# #.ooT@# ####### You could see an orc knight, a troll, 7
orc warriors, 2 orc priests and 6 orcs.

Vanquished Creatures
  A thorn hunter (Swamp:3)
  Donald (Swamp:2)
  An orc warlord (Orc:1)
  2 ghost moths
  2 entropy weavers (D:13)
  An iron troll (Swamp:3)
  A minotaur (Swamp:3)
  An ettin (D:14)
  The ghost of Zigma the Grappler, a journeyman DrTm of Makhleb (D:12)
  A yaktaur captain (D:14)
  A ghost crab (Swamp:3)
  An ice dragon (Lair:2)
  11 hydras
  A vault guard (D:14)
  2 catoblepae
  Erica (D:8)
  2 centaur warriors
  7 alligators
  A tengu warrior (D:14)
  4 spriggans
  A skeletal warrior (D:15)
  A deep troll (D:14)
  A spriggan druid (Swamp:1)
  6 unseen horrors
  A wizard (D:13)
  4 shambling mangroves
  A flayed ghost (D:15)
  2 swamp dragons
  2 hill giants
  Pikel (D:7)
  An orc knight (D:14)
  2 wolf spider zombies
  A lindwurm (Orc:1)
  A necromancer (D:15)
  A deep elf archer (D:14)
  A stone giant zombie (D:15)
  4 deep elf magi
  An oklob plant (Swamp:2)
  5 ugly things (D:15)
  A manticore (D:11)
  Maurice (D:8)
  2 wolf spiders
  A sphinx skeleton (D:15)
  3 centaur zombies
  2 cyclopes
  2 elephants (Lair:5)
  Psyche (D:8)
  24 spiny frogs
  2 molten gargoyles (Lair:6)
  4 black mambas
  2 torpor snails
  3 gargoyles
  8 rime drakes
  10 komodo dragons
  A yaktaur (D:14)
  A guardian mummy (D:15)
  A freezing wraith (D:14)
  A tengu conjurer (D:14)
  2 polar bears (Lair:4)
  A troll (D:12)
  A wolf spider simulacrum (D:14)
  2 two-headed ogres
  6 jumping spiders (Lair:3)
  18 hornets
  5 bog bodies
  19 slime creatures
  26 blink frogs
  7 tyrant leeches
  A troll (shapeshifter) (D:13)
  11 hippogriffs
  6 dream sheep (Lair:6)
  An ice dragon zombie (D:15)
  Sigmund (D:3)
  83 yaks
  3 shadows (D:15)
  4 wyverns
  2 wraiths
  5 redbacks (Lair:3)
  3 hungry ghosts
  17 vampire mosquitoes
  The ghost of tailblues the Charmwright, an amateur DgSk (D:4)
  4 basilisks
  A redback simulacrum (D:12)
  2 mottled dragons
  13 swamp worms
  A steam dragon (Lair:6)
  9 insubstantial wisps
  14 water moccasins
  Edmund (D:6)
  2 wargs (D:9)
  Menkaure (D:6)
  3 hell hounds (Lair:6)
  10 soldier ants
  12 swamp drakes
  2 porcupines
  A porcupine (shapeshifter) (D:15)
  A black bear (shapeshifter) (D:14)
  16 ice beasts
  13 orc warriors
  3 sky beasts
  2 black bears
  2 necrophages
  2 eyes of draining
  A slave (D:7)
  3 phantoms
  12 wolves
  8 ogres
  2 boggarts (D:14)
  17 centaurs
  12 crocodiles
  6 big kobolds
  A yaktaur zombie (D:15)
  26 bullfrogs
  A water moccasin zombie (D:9)
  A wyvern skeleton (D:11)
  3 scorpions
  11 killer bees
  A water moccasin skeleton (D:8)
  4 wights (D:10)
  2 howler monkeys
  2 electric eels
  A bullfrog zombie (D:13)
  9 crimson imps
  A lava snake (Lair:6)
  A quasit (D:7)
  7 jellies
  Crazy Yiuf (D:6)
  A centaur skeleton (D:10)
  14 orc wizards
  14 orc priests
  3 gnoll shamans (D:4)
  5 hounds
  2 bullfrog skeletons
  7 iguanas
  30 worker ants
  A hound skeleton (D:9)
  A worker ant zombie (D:6)
  Robin (D:2)
  43 gnolls
  A howler monkey skeleton (D:11)
  13 adders
  A shadow imp (D:5)
  An ooze (D:2)
  2 adder skeletons
  6 adder zombies
  3 worms
  2 dart slugs
  8 leopard geckos
  69 orcs
  18 bats
  6 giant cockroaches
  17 goblins
  8 hobgoblins
  19 jackals
  42 kobolds
  A quokka (D:7)
  6 frilled lizards
  2 jackal skeletons
  A quokka skeleton (D:9)
  13 rats
984 creatures vanquished.

Vanquished Creatures (others)
  A vampire mosquito (Lair:2)
  A swamp worm (Swamp:1)
  A slave (D:7)
  An orc wizard (D:4)
  2 orcs
  A bush (Lair:3)
  25 fungi
  9 plants
  5 toadstools (D:1)
46 creatures vanquished.

Grand Total: 1030 creatures vanquished

Notes
Turn   | Place    | Note
-------+----------+-------------------------------------------
     0 | D:1      | Dioneo the Human Gladiator began the quest for the Orb.
     0 | D:1      | Reached XP level 1. HP: 16/16 MP: 1/1
   148 | D:1      | Reached XP level 2. HP: 22/22 MP: 2/2
   479 | D:1      | Reached skill level 1 in Armour
   526 | D:1      | Reached XP level 3. HP: 26/27 MP: 3/3
  1319 | D:2      | Noticed Robin
  1638 | D:2      | Killed Robin
  1638 | D:2      | Reached skill level 4 in Long Blades
  1638 | D:2      | Reached XP level 4. HP: 33/33 MP: 4/4
  2602 | D:3      | Reached XP level 5. HP: 25/38 MP: 5/5
  2897 | D:3      | Reached XP level 6. HP: 19/44 MP: 6/6
  3293 | D:3      | Reached skill level 5 in Long Blades
  3656 | D:3      | Noticed Sigmund
  3728 | D:3      | Killed Sigmund
  3728 | D:3      | Reached XP level 7. HP: 24/50 MP: 7/7
  4392 | D:3      | Found a shimmering altar of Xom.
  4393 | D:3      | Found a burning altar of Makhleb.
  4559 | D:3      | Became a worshipper of Makhleb the Destroyer
  4851 | D:3      | Reached skill level 6 in Long Blades
  6064 | D:4      | Reached XP level 8. HP: 54/56 MP: 8/8
  6401 | D:4      | Found a hazy altar of Hepliaklqana.
  6401 | D:4      | Found a deep blue altar of Sif Muna.
  6445 | D:4      | Noticed tailblues's ghost (amateur DgSk)
  6475 | D:4      | Killed tailblues's ghost
  6475 | D:4      | Reached skill level 7 in Long Blades
  6475 | D:4      | Reached skill level 5 in Dodging
  7654 | D:4      | Reached * piety under Makhleb
  7761 | D:4      | Reached skill level 5 in Armour
  7788 | D:4      | Reached skill level 8 in Long Blades
  7793 | D:4      | Reached XP level 9. HP: 53/61 MP: 9/9
  8342 | D:5      | Entered Level 5 of the Dungeon
  8494 | D:5      | Found a shattered altar of Ashenzari.
  8560 | D:5      | Reached ** piety under Makhleb
  9193 | D:6      | Found Daneacvaenku's Assorted Antiques.
  9193 | D:6      | Noticed Menkaure
  9206 | D:6      | Killed Menkaure
  9209 | D:6      | Bought a pair of embroidered boots for 189 gold pieces
  9209 | D:6      | Bought a scroll of identify for 36 gold pieces
  9356 | D:6      | Found Jogurghe's Jewellery Shoppe.
  9620 | D:6      | Found Casacosa's Food Boutique.
  9691 | D:6      | Reached skill level 9 in Long Blades
  9956 | D:6      | Reached XP level 10. HP: 50/71 MP: 10/10
 10165 | D:6      | Noticed Edmund
 10186 | D:6      | Killed Edmund
 10294 | D:6      | Found a runed door.
 10298 | D:6      | Noticed Crazy Yiuf
 10318 | D:6      | Killed Crazy Yiuf
 10434 | D:6      | Found Echer's Assorted Antiques.
 10441 | D:6      | Reached *** piety under Makhleb
 10517 | D:6      | Reached skill level 10 in Long Blades
 10828 | D:6      | Found a radiant altar of Vehumet.
 11393 | D:7      | Found an iron altar of Okawaru.
 11647 | D:7      | Reached skill level 1 in Invocations
 11760 | D:7      | Found a sacrificial altar of Ru.
 11761 | D:7      | Noticed Pikel
 11795 | D:7      | Killed Pikel
 11795 | D:7      | Reached skill level 5 in Fighting
 12257 | D:7      | Found a staircase to the Ecumenical Temple.
 12348 | D:7      | Reached **** piety under Makhleb
 12550 | Temple   | Entered the Ecumenical Temple
 12733 | D:8      | Noticed Maurice
 12973 | D:8      | Noticed Erica
 13032 | D:8      | Killed Erica
 13032 | D:8      | Reached skill level 11 in Long Blades
 13032 | D:8      | Reached XP level 11. HP: 22/81 MP: 13/13
 13318 | D:8      | Killed Maurice
 13575 | D:8      | Noticed Psyche
 13577 | D:8      | Found a stormy altar of Qazlal.
 13588 | D:8      | Killed Psyche
 13848 | D:8      | Noticed an obsidian statue
 14435 | D:9      | Found a staircase to the Lair.
 14682 | D:9      | Reached ***** piety under Makhleb
 14703 | D:9      | Found Fiynukk's General Store.
 14764 | D:9      | Reached skill level 5 in Invocations
 14862 | D:9      | Bought a scroll of identify for 26 gold pieces
 14922 | D:9      | Found Dokiffuq's Book Emporium.
 15064 | D:9      | Found Hoduv's Distillery.
 15086 | D:9      | Bought a potion of heal wounds for 75 gold pieces
 15086 | D:9      | Bought a potion of curing for 45 gold pieces
 15086 | D:9      | Bought a potion of might for 60 gold pieces
 15086 | D:9      | Bought a potion of might for 60 gold pieces
 15280 | D:9      | Found a staircase to the Orcish Mines.
 15384 | Lair:1   | Entered Level 1 of the Lair of Beasts
 15859 | Lair:1   | Reached XP level 12. HP: 91/91 MP: 16/16
 16139 | Lair:1   | Reached skill level 12 in Long Blades
 16599 | Lair:1   | Found a blossoming altar of Fedhas.
 17462 | Lair:1   | Noticed a five-headed hydra
 17484 | Lair:1   | Killed a one-headed hydra
 18098 | Lair:2   | Found a staircase to the Swamp.
 18748 | Lair:2   | Noticed an eight-headed hydra
 18758 | Lair:2   | Killed a three-headed hydra
 18935 | Lair:2   | Reached skill level 10 in Armour
 19032 | Lair:3   | Noticed an ice dragon
 19060 | Lair:2   | Killed an ice dragon
 19502 | Lair:3   | Reached XP level 13. HP: 101/101 MP: 19/19
 19789 | Lair:3   | Found a hole to the Spider Nest.
 20347 | Lair:3   | Reached skill level 13 in Long Blades
 20699 | Lair:3   | Reached ****** piety under Makhleb
 22062 | Lair:4   | Reached skill level 10 in Fighting
 22187 | Lair:4   | Noticed a six-headed hydra
 22201 | Lair:4   | Killed a one-headed hydra
 22995 | Lair:5   | Found a staircase to the Slime Pits.
 23353 | Lair:5   | Noticed an acid blob
 23639 | Lair:5   | Reached skill level 10 in Invocations
 23725 | Lair:6   | Entered Level 6 of the Lair of Beasts
 23745 | Lair:6   | Reached XP level 14. HP: 83/111 MP: 21/21
 24675 | Lair:6   | Reached skill level 14 in Long Blades
 27133 | D:10     | Entered Level 10 of the Dungeon
 28370 | D:11     | Found Warydgh's Book Shop.
 28517 | D:11     | Reached XP level 15. HP: 89/120 MP: 23/23
 29865 | D:12     | Identified the Reference Book on the Mountains and Transformation
 30010 | D:12     | Found a sparkling altar of Nemelex Xobeh.
 30443 | D:12     | Found Lodia's Book Shop.
 30444 | D:12     | Noticed Zigma's ghost (journeyman DrTm)
 30472 | D:12     | Killed Zigma's ghost
 30598 | D:12     | Found a portal to a secret trove of treasure.
 32078 | D:12     | You paid a toll of 3 potions of cure mutation to enter a treasure trove
 32079 | Trove    | Entered a treasure trove
 32098 | Trove    | Got a warped pewter amulet
 32100 | Trove    | Got a fine glass ring
 32162 | Trove    | Identified a +0 pair of boots of running (You found it in a treasure trove)
 32165 | Trove    | Got a shimmering crystal plate armour
 32176 | Trove    | Identified the +0 crystal plate armour "Siept" {rCorr Str+4} (You found it in a treasure trove)
 32182 | Trove    | Identified the ring "Uretait" {+Blink rPois rF- Dex+4 SInv} (You found it in a treasure trove)
 32184 | Trove    | Identified the amulet "Wesagiatt" {Regen+ Stlth+} (You found it in a treasure trove)
 33231 | D:14     | Identified a scroll of acquirement
 33553 | D:14     | Found a gate to the Vaults.
 33631 | D:14     | Reached XP level 16. HP: 129/129 MP: 25/25
 33720 | D:14     | Noticed a tengu reaver
 33959 | D:14     | HP: 6/129 [deep elf archer/arrow (11)]
 34467 | D:15     | Entered Level 15 of the Dungeon
 35053 | D:15     | Found a staircase to the Depths.
 35129 | D:15     | Reached skill level 10 in Dodging
 35577 | Swamp:1  | Entered Level 1 of the Swamp
 36912 | Swamp:2  | Paralysed by a hornet for 3 turns
 36964 | Swamp:2  | Reached skill level 15 in Long Blades
 37162 | Swamp:2  | Reached XP level 17. HP: 137/137 MP: 26/26
 37272 | Swamp:2  | Noticed Donald
 37284 | Swamp:2  | Killed Donald
 37603 | Swamp:3  | Noticed a thorn hunter
 37614 | Swamp:3  | Killed a thorn hunter
 38374 | Swamp:3  | Noticed Jorgrun
 38382 | Swamp:3  | Noticed Jorgrun
 38382 | Swamp:3  | Jorgrun changed into Jorgrun the iron troll
 38387 | Swamp:3  | Killed Jorgrun the iron troll
 38606 | Swamp:4  | Entered Level 4 of the Swamp
 38869 | Orc:1    | Entered Level 1 of the Orcish Mines
 38939 | Orc:1    | Slain by an orc warrior

Skill      XL: |  1  2  3  4  5  6  7  8  9 10 11 12 13 14 15 16 17 |
---------------+----------------------------------------------------+-----
Armour         | 1 2 3 5 6 7 9 10 11 12 13 14 | 14.4
Long Blades    | 4 5 6 8 9 11 12 13 14 15 | 15.5
Dodging        | 4 5 6 7 9 10 11 | 11.3
Fighting       | 3 5 7 9 10 11 12 13 14 | 14.0
Invocations    | 3 5 8 10 11 12 | 12.5
Throwing       | |  2.0

Action                   |  1- 3 |  4- 6 |  7- 9 | 10-12 | 13-15 | 16-18 || total
-------------------------+-------+-------+-------+-------+-------+-------++-------
Melee: Long sword        |    89 |   153 |   686 |   569 |       |       ||  1497
       Scimitar          |       |       |       |   679 |  1846 |       ||  2525
       Triple sword      |       |       |       |       |    63 |   608 ||   671
Throw: Throwing net      |       |       |       |     1 |       |       ||     1
       Tomahawk          |       |       |       |       |       |     1 ||     1
Invok: Minor Destruction |       |       |       |       |     1 |       ||     1
       Major Destruction |       |       |       |       |       |    11 ||    11
Evoke: Wand              |       |       |     3 |     8 |     6 |    11 ||    28
  Use: Scroll            |     1 |     5 |     5 |    13 |    17 |    10 ||    51
       Potion            |       |     4 |     4 |     9 |     4 |     1 ||    22
 Stab: Sleeping          |       |     1 |       |       |       |       ||     1
       Confused          |       |       |     2 |     2 |       |     1 ||     5
       Paralysed         |       |       |       |     8 |       |       ||     8
       Distracted        |       |       |       |       |       |     1 ||     1
  Eat: Chunk             |     2 |     7 |    16 |    27 |    32 |     5 ||    89
       Meat ration       |       |       |     1 |     1 |     2 |       ||     4
       Fruit             |       |       |     1 |     3 |     1 |       ||     5
       Beef jerky        |       |       |       |     5 |     1 |     5 ||    11
       Pizza             |       |       |       |     1 |     2 |     5 ||     8
Armor: Leather armour    |    21 |    38 |    77 |       |       |       ||   136
       Chain mail        |       |       |   198 |     2 |       |       ||   200
       Plate armour      |       |       |       |   715 |  1007 |       ||  1722
       Skin              |       |       |       |    27 |       |       ||    27
       Crystal plate arm |       |       |       |       |   167 |   866 ||  1033
Dodge: Dodged            |    56 |   104 |   384 |   438 |   623 |   549 ||  2154
Block: Other             |       |       |       |       |   125 |       ||   125
       Reflection        |       |       |       |       |     3 |       ||     3
       Rpst.: Long sword |    15 |    33 |   108 |    50 |       |       ||   206
       Scimitar          |       |       |       |    75 |   180 |       ||   255
       Triple sword      |       |       |       |       |     6 |   129 ||   135
